 Dungeon Crawl Stone Soup version 0.23.1 (webtiles) character file.

Game seed: 195089482463993119

148 nuthulu the Chopper (level 5, -2/47 HPs)
             Began as a Minotaur Berserker on Mar 11, 2019.
             Was a Believer of Trog.
             Slain by an orc wizard
             ... wielding a +0 dagger
              (3 damage)
             ... on level 3 of the Dungeon.
             The game lasted 00:02:35 (2859 turns).

nuthulu the Chopper (Minotaur Berserker)            Turns: 2859, Time: 00:02:35

Health: -2/47      AC:  2    Str: 22    XL:     5   Next: 8%
Magic:  4/4        EV: 13    Int:  4    God:    Trog [**....]
Gold:   85         SH:  0    Dex: 10    Spells: 4/4 levels left

rFire    . . .     SeeInvis .   a - +0 hand axe
rCold    . . .     Gourm    .   (no shield)
rNeg     + . .     Faith    .   b - +0 animal skin
rPois    .         Spirit   .   (helmet restricted)
rElec    .         Reflect  .   (no cloak)
rCorr    .         Harm     .   (no gloves)
MR       .....                  (no boots)
Stlth    +.........             (no amulet)
HPRegen  0.15/turn              j - ring of positive energy
MPRegen  0.09/turn              (no ring)

@: no status effects
A: retaliatory headbutt, horns 2
a: Berserk, Trog's Hand, Renounce Religion


You were on level 3 of the Dungeon.
You worshipped Trog.
Trog was pleased with you.
You were very hungry.

You visited 1 branch of the dungeon, and saw 3 of its levels.

You collected 85 gold pieces.

Inventory:

Hand Weapons
 a - a +0 hand axe (weapon)
Armour
 b - a +0 animal skin (worn)
Jewellery
 j - a ring of positive energy (left hand)
Scrolls
 e - a scroll of remove curse
 g - a scroll of random uselessness {unknown}
 i - a scroll of amnesia {unknown}
 l - a scroll of teleportation {unknown}
 m - a scroll of fog {unknown}
 q - a scroll of blinking {unknown}
Potions
 d - a potion of curing
 f - a potion of magic
 h - 2 potions of heal wounds {unknown}
 k - 2 potions of brilliance {unknown}
 n - a potion of berserk rage {unknown}
 o - a potion of mutation {unknown}
Comestibles
 c - 7 rations


   Skills:
 + Level 4.5 Fighting
 * Level 5.2 Axes
 + Level 3.5 Armour
 + Level 3.2 Dodging


You had 4 spell levels left.
You didn't know any spells.
Your spell library was empty.

Dungeon Overview and Level Annotations

Branches:
Dungeon (3/15)

Altars:
Trog


Innate Abilities, Weirdness & Mutations

You reflexively headbutt those who attack you in melee.
You have a pair of horns on your head.


Message History

The orc wizard closely misses you. The orc closely misses you.
Things that are here:
a +0 whip; a +0 leather armour; an orc corpse You closely miss the orc.
You headbutt the orc.
You kill the orc!
Trog accepts your kill.
You barely miss the orc. You hit the orc priest.
You barely miss the orc wizard.
The orc priest hits you with a +0 flail!
The orc wizard hits you with a +0 dagger.
The orc hits you with a +0 flail!
* * * LOW HITPOINT WARNING * * *
You hit the orc priest.
The orc priest is heavily wounded.
You hit the orc wizard but do no damage.
You hit the orc.
The orc priest hits you with a +0 flail!
* * * LOW HITPOINT WARNING * * *
The orc wizard hits you with a +0 dagger.
You die...

## .# #.. # .## ### #..
.. .. #.# ... ..##.###
#.#####.# .....#
#.....(.# ..#
#...###.#...###
#....#oo##........#####(
#..)@................
#####o..######.######
##.....# #..#####
##.#..# ##.....# ..##.#
#####.# #.# .[. #.. ..#
#..# ##. ## #.w# #. #..
#.


You could see an orc priest, an orc wizard and an orc.

Vanquished Creatures
  Jessica (D:2)
  Terence (D:2)
  3 adders
  An ooze (D:2)
  3 worms (D:2)
  3 leopard geckos (D:1)
  2 orcs (D:3)
  3 giant cockroaches
  A goblin (D:1)
  5 hobgoblins
  5 jackals (D:1)
  7 kobolds
  2 ball pythons
  7 bats
  3 frilled lizards
  7 rats
54 creatures vanquished.

Notes
Turn   | Place    | Note
-------+----------+-------------------------------------------
     0 | D:1      | nuthulu the Minotaur Berserker began the quest for the Orb.
     0 | D:1      | Reached XP level 1. HP: 19/19 MP: 0/0
   224 | D:1      | Reached XP level 2. HP: 23/27 MP: 1/1
   249 | D:1      | Reached skill level 4 in Axes
   780 | D:1      | Reached ** piety under Trog
   787 | D:1      | Reached XP level 3. HP: 29/33 MP: 2/2
  1402 | D:2      | Noticed Terence
  1417 | D:2      | Killed Terence
  1573 | D:2      | Reached XP level 4. HP: 40/40 MP: 3/3
  2405 | D:2      | Noticed a moth of wrath
  2406 | D:2      | Noticed Jessica
  2408 | D:2      | Found a bloodstained altar of Trog.
  2417 | D:2      | Killed Jessica
  2417 | D:2      | Reached skill level 5 in Axes
  2827 | D:3      | Reached XP level 5. HP: 40/47 MP: 4/4
  2859 | D:3      | HP: 1/47 [orc priest/+0 flail (8)]
  2859 | D:3      | Slain by an orc wizard

Skill      XL: |  1  2  3  4 |
---------------+-------------+-----
Axes           | 4 5 |  5.2
Fighting       | 4 |  4.5
Armour         | 3 |  3.5
Dodging        | 3 |  3.2

Action                   |  1- 3 |  4- 6 || total
-------------------------+-------+-------++-------
Melee: Hand axe          |    61 |    56 ||   117
       Headbutt          |    14 |     7 ||    21
  Use: Scroll            |     3 |     1 ||     4
 Stab: Sleeping          |       |     1 ||     1
  Eat: Chunk             |     2 |     3 ||     5
Armor: Animal skin       |    15 |    10 ||    25
Dodge: Dodged            |    68 |    39 ||   107
